 Dungeon Crawl Stone Soup version 0.23-a0-839-g6d2b917 (console) character file.

23 bli the Slasher (level 2, -1/25 HPs)
             Began as a Barachi Monk on Jan 25, 2019.
             Slain by an adder (4 damage)
             ... on level 2 of the Dungeon.
             The game lasted 00:02:17 (1222 turns).

bli the Slasher (Barachi Monk)                      Turns: 1222, Time: 00:02:18

Health: -1/25      AC:  2    Str: 17    XL:     2   Next: 95%
Magic:  2/2        EV: 13    Int: 10    God:
Gold:   94         SH:  0    Dex: 14    Spells: 1/1 levels left

rFire    . . .     SeeInvis .   a - +0 falchion
rCold    . . .     Gourm    .   (no shield)
rNeg     . . .     Faith    .   b - +0 robe
rPois    .         Spirit   .   (no helmet)
rElec    .         Reflect  .   (no cloak)
rCorr    +         Harm     .   (no gloves)
MR       .....                  (no boots)
Stlth    ++........             (no amulet)
HPRegen  0.08/turn              f - ring of resist corrosion
MPRegen  0.08/turn              (no ring)

@: mighty, lethally poisoned (-1 -> -5), slow
A: +LOS, swims, slowness 1, strong legs 1
a: Hop


You were on level 2 of the Dungeon.
You were hungry.

You visited 1 branch of the dungeon, and saw 2 of its levels.

You collected 94 gold pieces.

Inventory:

Hand Weapons
 a - a +0 falchion (weapon)
Missiles
 d - 18 stones (quivered)
 i - 12 sling bullets
 j - 5 tomahawks
Armour
 b - a +0 robe (worn)
 g - a +0 leather armour
Jewellery
 f - a ring of resist corrosion (left hand)
 m - an uncursed amulet of guardian spirit {unknown}
Scrolls
 e - a scroll of fear {unknown}
 k - 2 scrolls of amnesia {unknown}
 l - a scroll of enchant armour {unknown}
Comestibles
 c - 4 rations


   Skills:
 * Level 3.8 Fighting
 * Level 4.4 Long Blades
 + Level 3.5 Dodging
 + Level 1.7 Stealth


You had one spell level left.
You didn't know any spells.
Your spell library was empty.

Dungeon Overview and Level Annotations

Branches:
Dungeon (2/15)

Altars:


Innate Abilities, Weirdness & Mutations

Shadows flee at your approach. (+LOS)
You can swim through water.
You cover ground slowly.
You can hop short distances.


Message History

You miss the adder.
The adder is almost dead.
You feel sick. The adder closely misses you. The adder bites you.
* * * LOW HITPOINT WARNING * * *
You miss the adder.
The adder is almost dead.
The adder bites you.
* * * LOW HITPOINT WARNING * * *
You closely miss the adder.
The adder is severely wounded.
* * * LOW HITPOINT WARNING * * *
You feel sick. The adder closely misses you. The adder misses you.
You riposte.
You barely miss the adder.
The adder is severely wounded.
It was a potion of might.
You feel very mighty all of a sudden. The adder closely misses you.
You miss the adder.
The adder is severely wounded.
The adder bites you.
You die...

##### #....
#...###########
#...#.........#
#.(.#.#######.#
#...#.#.......#
#..@#.#.####..#
#..S..#.# #..#
##..###.# #..#
#...#<..# #..#
#..###### #..#
.... #### #####
# .. ..


You could see an adder.

Vanquished Creatures
  A dart slug (D:1)
  3 leopard geckos (D:1)
  2 bats (D:1)
  A goblin (D:1)
  2 hobgoblins (D:1)
  3 jackals (D:1)
  2 kobolds (D:1)
  3 rats (D:1)
17 creatures vanquished.

Notes
Turn   | Place    | Note
-------+----------+-------------------------------------------
     0 | D:1      | bli the Barachi Monk began the quest for the Orb.
     0 | D:1      | Reached XP level 1. HP: 18/18 MP: 1/1
   105 | D:1      | Reached skill level 4 in Long Blades
   236 | D:1      | Reached XP level 2. HP: 7/25 MP: 2/2
  1222 | D:2      | Slain by an adder

Vault maps used:
D:1:      dpeg_arrival_leaves_temple_mockup, minmay_misc_feat_rugged
D:2:      nicolae_overflow_hidden_temple, kennysheep_generic_room_5

Skill      XL: |  1 |
---------------+----+-----
Long Blades    | 4 |  4.4
Fighting       | |  3.8
Dodging        | |  3.5
Stealth        | |  1.7

Action                   || total
-------------------------++-------
Melee: Falchion          ||    62
  Use: Potion            ||     1
 Stab: Sleeping          ||     4
  Eat: Chunk             ||     1
Armor: Robe              ||     8
Dodge: Dodged            ||    54
       Rpst.: Falchion   ||    14

Table legend:
 A = Non-vault XP
 B = Vault XP
 C = Vault XP percentage of total XP
 D = Non-vault monster count
 E = Vault monster count
 F = Vault count percentage of total count
                 A         B        C        D         E       F
            +---------+---------+-------+---------+---------+-------
      Total |      33 |       0 |   0.0 |      17 |       0 |   0.0
            +---------+---------+-------+---------+---------+-------
        D:1 |      33 |       0 |   0.0 |      17 |       0 |   0.0
            +---------+---------+-------+---------+---------+-------
